 Dungeon Crawl Stone Soup version 0.27.1-1-g398f81649c (webtiles) character file.

Game seed: 14884673560427186186

505 MajorAdolf the Twirler (level 7, 0/62 HPs)
             Began as a Naga Wanderer on Sept 13, 2021.
             Slain by a centaur zombie (1 damage)
             ... in an ossuary.
             The game lasted 00:04:50 (2745 turns).

MajorAdolf the Twirler (Naga Wanderer)              Turns: 2745, Time: 00:04:51

Health: 0/62       AC:  9    Str: 19    XL:     7   Next: 18%
Magic:  7/7        EV:  9    Int: 10    God:
Gold:   88         SH:  0    Dex: 10    Spells: 5/6 levels left

rFire    . . .     SeeInvis +   s - +6 long sword (elec)
rCold    . . .     Faith    .   (no shield)
rNeg     . . .     Spirit   .   j - +0 ring mail
rPois    +         Reflect  .   i - +2 helmet
rElec    .         Harm     .   (no cloak)
rCorr    .         Rampage  .   u - +0 pair of gloves
Will     .....                  (no barding)
Stlth    ..........             (no amulet)
HPRegen  0.20/turn              (no ring)
MPRegen  0.10/turn              (no ring)

@: marked, very slow
A: AC +2, large, see invisible, deformed body, poison resistance, slowness 2,
spit poison 1, naga tail 1
a: Spit Poison


You were in an ossuary.
You visited 1 branch of the dungeon, and saw 5 of its levels.
You also visited: Ossuary.

You collected 193 gold pieces.
You spent 105 gold pieces at shops.

Inventory:

Hand Weapons
 a - a +2 quarterstaff
 s - a +6 long sword of electrocution (weapon)
 y - a +2 dagger of holy wrath
Missiles
 d - 62 stones
 r - a throwing net
Armour
 c - a +0 robe
 i - a +2 helmet (worn)
 j - a +0 ring mail (worn)
 u - a +0 pair of gloves (worn)
Jewellery
 g - a ring of ice
 x - a +4 ring of protection
Wands
 v - a wand of paralysis (5)
Scrolls
 e - a scroll of magic mapping {unknown}
 h - 6 scrolls of identify {unknown}
 k - 2 scrolls of fear {unknown}
 l - 2 scrolls of amnesia {unknown}
 m - 2 scrolls of immolation {unknown}
 n - 3 scrolls of vulnerability {unknown}
 o - a scroll of blinking {unknown}
 w - a scroll of fog {unknown}
 z - a scroll of teleportation
Potions
 b - 3 potions of curing
 f - a potion of degeneration {unknown}
 p - a potion of berserk rage {unknown}
 t - a potion of invisibility {unknown}


   Skills:
 - Level 3.1 Fighting
 + Level 3.1 Long Blades
 - Level 3.4 Staves
 - Level 1.1 Throwing
 - Level 2.2 Armour
 - Level 2.6 Dodging
 - Level 2.1 Summonings
 - Level 1.0 Air Magic
 + Level 2.9 Evocations


You had 5 spell levels left.
You knew the following spells:

 Your Spells              Type           Power      Damage    Failure   Level
a - Summon Small Mammal   Summ           16%        N/A       26%         1

Your spell library contained the following spells:

 Spells                   Type           Power      Damage    Failure   Level
 Freeze                   Ice            0%         1d3       54%         1
 Call Canine Familiar     Summ           4%         N/A       63%         3
 Frozen Ramparts          Ice            0%         1d2       88%         3
 Animate Dead             Necr           0%         N/A       99%         4
 Hailstorm                Conj/Ice       0%         3d3       99%         4
 Haunt                    Necr/Summ      1%         N/A       100%        7
 Infestation              Necr           0%         N/A       100%        8


Dungeon Overview and Level Annotations

Branches:
Dungeon (6/15)            Ossuary (1/1)
 Temple: D:4-7

Altars:
Fedhas

Shops:
D:1 (   D:6 ?


Innate Abilities, Weirdness & Mutations

Your serpentine skin is tough. (AC +2)
You have supernaturally acute eyesight. (SInv)
Armour fits poorly on your strangely shaped body.
Your system is resistant to poisons. (rPois)
You cover ground very slowly.
You can spit poison.
You have a snake-like lower body.


Message History

The centaur zombie closely misses you.
The centaur zombie kicks you but does no damage.
The hobgoblin zombie sets off the alarm!
The alarm trap emits a blaring wail!
The mark upon you grows brighter. The mummy barely misses you.
You slash the mummy!
You destroy the mummy!
The centaur zombie completely misses you.
The centaur zombie barely misses you. x2
The centaur zombie kicks you but does no damage.
The centaur zombie hits you.
The centaur zombie kicks you but does no damage.
The mummy hits you! x2
The centaur zombie completely misses you.
You riposte.
You hit the centaur zombie.
Lightning courses through the centaur zombie!
You destroy the centaur zombie!
The centaur zombie barely misses you.
The centaur zombie kicks you but does no damage.
Your Long Blades skill increases to level 3!
Unknown command.
You closely miss the mummy.
The centaur zombie hits you but does no damage.
The centaur zombie barely misses you. x2
The centaur zombie kicks you but does no damage.
The mummy hits you. The mummy hits you!
* * * LOW HITPOINT WARNING * * *
Unknown command.
You slash the mummy!
The mummy is severely damaged.
The centaur zombie hits you.
* * * LOW HITPOINT WARNING * * *
The centaur zombie kicks you.
* * * LOW HITPOINT WARNING * * *
The centaur zombie hits you.
* * * LOW HITPOINT WARNING * * *
The centaur zombie completely misses you.
A hobgoblin zombie comes into view.
The centaur zombie hits you.
You die...

.Z.....
##.....##
.....^.
##.....##
#..ZZ.^.#
#.....#
#.ZZ.^#
#..@..#
#.M∩M.#
#.....#
#..∩..#
#.....#
#.....#
#.....#
#.....#
##...##


You could see 2 mummies, 3 hobgoblin zombies and 2 centaur zombies.

Vanquished Creatures
  A water moccasin (D:6)
  An ogre (D:4)
  A jelly (D:4)
  A centaur zombie (Ossuary)
  An orc priest (D:6)
  An iguana (D:4)
  2 orc wizards
  2 mummies
  A howler monkey zombie (D:6)
  A gnoll (D:3)
  2 adders
  2 worms
  An adder skeleton (D:4)
  2 dart slugs (D:2)
  9 orcs
  4 ball pythons
  6 endoplasms
  3 giant cockroaches
  5 goblins
  6 hobgoblins
  2 jackals (D:1)
  3 bats
  2 frilled lizards
  4 kobolds
  2 rats (D:3)
65 creatures vanquished.

Vanquished Creatures (others)
  26 plants (D:4)
26 creatures vanquished.

Grand Total: 91 creatures vanquished

Notes
Turn   | Place    | Note
-------+----------+-------------------------------------------
     0 | D:1      | MajorAdolf the Naga Wanderer began the quest for the Orb.
     0 | D:1      | MajorAdolf set off with the following items: a +2
                  | quarterstaff, a potion of curing, a +0 robe; and the
                  | following spell memorised: Summon Small Mammal; and the
                  | following spells available to memorise: Call Canine
                  | Familiar
     0 | D:1      | Reached XP level 1. HP: 18/18 MP: 1/1
    50 | D:1      | Found Vypul's Weapon Emporium.
   191 | D:1      | Reached XP level 2. HP: 10/25 MP: 2/2
   673 | D:1      | You fall into a shaft and drop 1 floor!
   849 | D:2      | Reached XP level 3. HP: 31/31 MP: 3/3
  1219 | D:2      | Found a faded altar of an unknown god.
  1425 | D:3      | Reached skill level 1 in Armour
  1567 | D:3      | Reached XP level 4. HP: 35/39 MP: 4/4
  2394 | D:4      | Reached XP level 5. HP: 46/46 MP: 5/5
  2449 | D:4      | Noticed an ogre
  2456 | D:4      | Killed an ogre
  2457 | D:4      | Reached XP level 6. HP: 54/56 MP: 6/6
  2519 | D:4      | Reached skill level 1 in Long Blades
  2556 | D:4      | Found a blossoming altar of Fedhas.
  2588 | D:4      | You fall into a shaft and drop 2 floors!
  2684 | D:6      | Noticed a water moccasin
  2697 | D:6      | Killed a water moccasin
  2698 | D:6      | Reached XP level 7. HP: 39/62 MP: 7/7
  2702 | D:6      | Found Unnouq's Magic Scroll Shoppe.
  2705 | D:6      | Bought a scroll of teleportation for 30 gold pieces
  2705 | D:6      | Bought a scroll of enchant weapon for 75 gold pieces
  2723 | D:6      | Found a sand-covered staircase.
  2730 | Ossuary  | Entered an ossuary
  2745 | Ossuary  | HP: 1/62 [centaur zombie (3)]
  2745 | Ossuary  | Slain by a centaur zombie

Illustrated notes

Levels and vault maps discovered:
D:1:      erik_arrival_orb_chamber, layout_rooms, serial_shops, shop
D:2:      layout_loops_ring, dreamdust_ecumenical_altar_statues
D:3:      layout_loops_ring, st_stairs_4, minmay_misc_feat_enclosed
D:4:      layout_rooms, fedhas_ov_isle_minmay, serial_bayou,
          serial_bayou_lake_a, serial_bayou_pond_e, serial_bayou_lagoon_a,
          serial_bayou_shore_a, wad_orctagon
D:6:      layout_loops_ring, tgw_kikubaaqudgha, nicolae_ossuary_entry_giza,
          serial_shops, shop, uniq_maggie
Ossuary:  ossuary_the_hunt_dpeg

Skill      XL: |  1  2  3  4  5  6  7 |
---------------+----------------------+-----
Armour         | 1 2 |  2.2
Fighting       | 2 3 |  3.1
Dodging        | 2 |  2.6
Long Blades    | 2 3 |  3.1
Evocations     | 2 |  2.9
Staves         | |  3.4
Throwing       | |  1.1
Summonings     | |  2.1
Air Magic      | |  1.0

Action                   |  1- 3 |  4- 6 |  7- 9 || total
-------------------------+-------+-------+-------++-------
Melee: Quarterstaff      |    84 |    41 |       ||   125
       Long sword        |       |    33 |    11 ||    44
 Abil: Spit Poison       |     2 |     7 |       ||     9
  Use: Scroll            |       |       |     4 ||     4
Armor: Ring mail         |    47 |    22 |    14 ||    83
       Skin              |     1 |       |       ||     1
Dodge: Dodged            |    53 |    37 |    15 ||   105
       Rpst.: Long sword |       |     4 |     3 ||     7
